 Dungeon Crawl Stone Soup version 0.28-a0-1506-g3893175d92 (webtiles) character file.

Game seed: 4252888204441188629

475 HallandMoats the Skirmisher (level 7, -12/61 HPs)
             Began as a Ghoul Fighter on Jan 14, 2022.
             Was a Believer of Ashenzari.
             Mangled by an ogre (15 damage)
             ... on level 4 of the Dungeon.
             The game lasted 00:05:51 (4995 turns).

HallandMoats the Skirmisher (Ghoul Fighter)         Turns: 4995, Time: 00:05:52

Health: -12/61     AC:  8    Str: 20    XL:     7   Next: 10%
Magic:  6/6        EV: 10    Int:  5    God:    Ashenzari [**....]
Gold:   264        SH:  5    Dex:  8    Spells: 6/6 levels left

rFire   . . .      SeeInvis +   a - +0 long sword
rCold   + . .      Faith    .   c - +0 buckler of the Clairvoyant Seeker {Fort, Range} (curse)
rNeg    + + +      Spirit   .   b - +0 scale mail
rPois   ∞          Reflect  .   n - +0 hat of Ashenzari's Omen {Cun, Comp} (curse)
rElec   .          Harm     .   (no cloak)
rCorr   +          Rampage  .   m - +0 pair of gloves of the Ruined Optimism {Fort, Cun} (curse)
Will    .....                   (no boots)
Stlth   ..........              (no amulet)
HPRegen 0.00/turn               w - ring "Restrained Doubts" {rCorr, Melee, Comp} (curse)
MPRegen 0.10/turn               (no ring)

@: inhibited regen
A: claws 1, cold resistance 1, negative energy resistance 3, inhibited
regeneration, torment resistance 2
a: Renounce Religion, Shatter the Chains


You were on level 4 of the Dungeon.
You worshipped Ashenzari.
Ashenzari was pleased with you.
You visited 1 branch of the dungeon, and saw 5 of its levels.

You collected 264 gold pieces.

Inventory:

Hand Weapons
 a - a +0 long sword (weapon)
Missiles
 u - a throwing net (quivered)
Armour
 b - a +0 scale mail (worn)
 c - the cursed +0 buckler of the Clairvoyant Seeker (worn) {Fort, Range}

   It has a curse which improves the following skills: Fortitude: Armour and
   Shields.
   Ranged Combat: Slings, Bows, Crossbows and Throwing.
 m - the cursed +0 pair of gloves of the Ruined Optimism (worn) {Fort, Cun}
   (You found it on level 3 of the Dungeon)

   It has a curse which improves the following skills: Fortitude: Armour and
   Shields.
   Cunning:   Dodging and Stealth.
 n - the cursed +0 hat of Ashenzari's Omen (worn) {Cun, Comp}
   (You found it on level 3 of the Dungeon)

   It has a curse which improves the following skills: Cunning: Dodging and
   Stealth.
   Companions: Summonings and Necromancy.
Jewellery
 q - a +6 ring of intelligence
 w - the cursed ring "Restrained Doubts" (left hand) {rCorr, Melee, Comp}
   (You found it on level 5 of the Dungeon)

   [ring of resist corrosion]

   rCorr:     It protects you from acid and corrosion.
   It has a curse which improves the following skills: Melee Combat: Short
   Blades, Long Blades, Axes, Maces & Flails, Polearms, Staves and Unarmed
   Combat.
   Companions: Summonings and Necromancy.
 x - an amulet of reflection
Scrolls
 d - 2 scrolls of enchant weapon
 f - a scroll of teleportation
 h - 5 scrolls of identify
 i - a scroll of enchant armour
 j - 2 scrolls of fear
 l - 2 scrolls of blinking
 p - 2 scrolls of silence
 r - a scroll of torment
 t - a scroll of fog
 v - a scroll of brand weapon
Potions
 e - 2 potions of curing
 g - a potion of mutation
 k - a potion of attraction
 o - a potion of haste
 s - a potion of flight
 z - a potion of heal wounds


   Skills:
 * Level 5.1 Fighting
 * Level 3.6(4.7) Long Blades
 + Level 3.4(5.1) Armour
 + Level 1.8(3.2) Dodging
 * Level 4.3(6.1) Shields


You had 6 spell levels left.
You didn't know any spells.
Your spell library contained the following spells:

 Spells                   Type           Power      Damage    Failure   Level
 Confusing Touch          Hex            0%         N/A       99%         3
 Gell's Gravitas          Tloc           0%         N/A       99%         3
 Lesser Beckoning         Tloc           0%         N/A       99%         3
 Teleport Other           Tloc           0%         N/A       99%         3
 Yara's Violent Unravell  Hex/Tmut       0%         3d3       100%        5
 Enfeeble                 Hex            0%         N/A       100%        7


Dungeon Overview and Level Annotations

Branches:
Dungeon (5/15)             Temple (0/1) D:4

Altars:
Ashenzari
Cheibriados
Nemelex Xobeh
Yredelemnul

Shops:
D:2 [   D:4 [


Innate Abilities, Weirdness & Mutations

You thrive by killing the living.
You are immune to poison.
You have sharp fingernails.
Your flesh is cold resistant. (rC+)
You are immune to negative energy. (rN+++)
You do not regenerate when monsters are visible.
You are immune to unholy pain and torment.


Message History

Found a stone staircase leading down.
No target in view!
There is a stone staircase leading down here.
You open the door.
There is an open door here.
You now have 264 gold pieces (gained 12).
Ashenzari invites you to partake of a vision and a curse of melee combat and companions.
Your ring of resist corrosion glows black for a moment.
You open the door.
There is an open door here.
You open the door.
Found a stone staircase leading up.
There is an open door here.
There is an open door here.
You open the door.
An ogre comes into view. It is wielding a +0 giant spiked club.
The ogre shouts!
There is an open door here.
You block the ogre's attack.
You barely miss the ogre.
The ogre hits you with a +0 giant spiked club!!
You hit the ogre.
The ogre is lightly wounded.
You hit the ogre.
The ogre is moderately wounded.
The ogre hits you with a +0 giant spiked club!!
* * * LOW HITPOINT WARNING * * *
You are too injured to fight recklessly!
You are too injured to fight recklessly!
You are too injured to fight recklessly!
You are too injured to fight recklessly!
There is an open door here.
There is an open door here.
There is a stone staircase leading up here.
The ogre hits you with a +0 giant spiked club!
* * * LOW HITPOINT WARNING * * *
You climb upwards.
There is a stone staircase leading down here.
The ogre hits you with a +0 giant spiked club!
You die...

#........................#
#.........###########.##.#
#.........# #..... #####.#####
#####.##.# #.# ##.^....... #.##
####..########
#..######........###..
##........###....##..#
#...@O######....##.##
#....>###.##.......#
########........#..#
#####...#.......##
##.......#####....#
#######..##..........##..
#########.......###....###....##.
.......##......## #.....##..#..##
######.##......# #......#.###.##


You could see an ogre.

Vanquished Creatures
  A centaur (D:5)
  A scorpion (D:3)
  A hound (D:4)
  An orc priest (D:2)
  2 iguanas
  An orc wizard (D:2)
  A killer bee zombie (D:4)
  4 gnolls (D:4)
  5 adders
  A worm (D:4)
  2 dart slugs
  10 orcs
  11 ball pythons
  4 bats
  5 endoplasms
  3 giant cockroaches
  4 goblins
  2 hobgoblins (D:4)
  8 jackals
  5 quokkas
  5 frilled lizards
  7 kobolds
  3 rats
87 creatures vanquished.

Notes
Turn   | Place    | Note
-------+----------+-------------------------------------------
     0 | D:1      | HallandMoats the Ghoul Fighter began the quest for the Orb.
     0 | D:1      | Reached XP level 1. HP: 19/19 MP: 0/0
   308 | D:1      | Found a faded altar of an unknown god.
   312 | D:1      | Reached XP level 2. HP: 26/26 MP: 1/1
   319 | D:1      | Prayed at the altar of an unknown god.
   319 | D:1      | Became a worshipper of Ashenzari the Shackled
  1314 | D:2      | Reached XP level 3. HP: 31/31 MP: 2/2
  1392 | D:2      | Found a snail-covered altar of Cheibriados.
  1524 | D:2      | Found Zuope's Antique Armour Shop.
  1915 | D:2      | Reached XP level 4. HP: 21/40 MP: 3/3
  1922 | D:2      | Reached skill level 4 in Fighting
  1922 | D:2      | Reached skill level 1 in Dodging
  2189 | D:3      | Noticed a scorpion
  2195 | D:3      | Killed a scorpion
  2196 | D:3      | Reached XP level 5. HP: 47/47 MP: 4/4
  2292 | D:3      | Reached * piety under Ashenzari
  2988 | D:4      | Reached XP level 6. HP: 24/53 MP: 5/5
  3201 | D:4      | Found a staircase to the Ecumenical Temple.
  3421 | D:4      | Reached ** piety under Ashenzari
  3828 | D:4      | Found Osuafire's Antique Armour Boutique.
  3906 | D:4      | Found a sparkling altar of Nemelex Xobeh.
  3929 | D:4      | Found a basalt altar of Yredelemnul.
  3973 | D:5      | Entered Level 5 of the Dungeon
  4556 | D:5      | Reached skill level 5 in Fighting
  4556 | D:5      | Reached XP level 7. HP: 56/61 MP: 6/6
  4993 | D:5      | HP: 3/61 [ogre (10)]
  4995 | D:4      | Mangled by an ogre

Illustrated notes

Levels and vault maps discovered:
D:1:      dpeg_arrival_three_same_balls, layout_loops_ring,
          dreamdust_ecumenical_altar_grove, minmay_misc_feat_secret_circle,
          minmay_cut_off
D:2:      layout_basic, serial_shops, shop, basic_altar, minmay_misc_feat_room
D:3:      layout_basic
D:4:      layout_rooms, amethyst_overflow_temple_binary,
          minmay_temple_entry_ruins, serial_shops, nicolae_shop_hallway_plus,
          minmay_snake_closets
D:5:      layout_gridville

Skill      XL: |  1  2  3  4  5  6 |
---------------+-------------------+-----
Long Blades    | 2 3 |  3.6
Shields        | 3 4 |  4.3
Fighting       | 4 5 |  5.1
Dodging        | 1 |  1.8
Armour         | 3 |  3.4

Action                   |  1- 3 |  4- 6 |  7- 9 || total
-------------------------+-------+-------+-------++-------
Melee: Long sword        |    94 |   180 |    16 ||   290
Invok: Curse Item        |     1 |     2 |     1 ||     4
  Use: Potion            |       |     1 |       ||     1
       Scroll            |       |     1 |       ||     1
Armor: Scale mail        |    41 |    85 |     5 ||   131
Dodge: Dodged            |    41 |   120 |    11 ||   172
Block: Buckler           |    20 |    39 |     4 ||    63

Table legend: (Time is in decaauts)
 A = Elapsed time spent in this place.
 B = Non-inter-level travel time spent in this place.
 C = Inter-level travel time spent in this place.
 D = Time resting spent in this place.
 E = Time spent auto-exploring this place.
 F = Levels seen in this place.
 G = Mean time per level.
                   A        B        C        D        E       F      G
               +--------+--------+--------+--------+--------+-----+--------+
         Total |   5086 |   4933 |    153 |    792 |   3315 |   5 | 1017.2 |
       Dungeon |   5086 |   4933 |    153 |    792 |   3315 |   5 | 1017.2 |
               +--------+--------+--------+--------+--------+-----+--------+

Top non-repeatable levels by time:
     D:4: 1631 daAuts
     D:1: 1221 daAuts
     D:2: 945 daAuts
     D:3: 703 daAuts
     D:5: 585 daAuts
